 Dungeon Crawl Stone Soup version 0.31-a0-437-g7cee417757 (webtiles) character file.

Game seed: 9885599296125076631

211 MacCMillion the Ruffian (level 5, -1/45 HPs)
             Began as a Draconian Shapeshifter on Aug 2, 2023.
             Slain by a gnoll bouda
             ... wielding a +0 club
              (5 damage)
             ... on level 4 of the Dungeon.
             The game lasted 00:06:13 (2308 turns).

MacCMillion the Ruffian (Draconian Shapeshifter)    Turns: 2308, Time: 00:06:13

Health: -1/45      AC:  5    Str: 19    XL:     5   Next: 57%
Magic:  5/5        EV: 12    Int:  8    God:
Gold:   120        SH:  0    Dex: 12    Spells: 4/4 levels left

rFire   . .          .
                       - Unarmed
rCold   . . .        (no shield)
rNeg    . . .        (body armour unavailable)
rPois   .            (helmet currently unavailable)
rElec   .            (cloak currently unavailable)
rCorr   .            (gloves currently unavailable)
SInv    +            (boots currently unavailable)
Will    .....        (no amulet)
Stlth   +            c - ring of see invisible
HPRegen 0.27/turn    (no ring)
MPRegen 0.09/turn

%: no passive effects
@: beast-form, weakened
A: beast (slay +2), AC +5, unfitting armour, cold-blooded
a: Begin Untransformation


You were on level 4 of the Dungeon.
You were a hulking beast.
You visited 1 branch of the dungeon, and saw 5 of its levels.

You collected 120 gold pieces.

Inventory:

Missiles
 d - 3 poisoned darts
Armour
 n - a +0 pair of boots
 q - a +2 hat
Jewellery
 c - a ring of see invisible (left hand)
Talismans
 b - a beast talisman (active)
 r - a dragon-blood talisman
Scrolls
 j - 2 scrolls of identify {unknown}
 l - 5 scrolls of teleportation {unknown}
Potions
 a - 2 potions of lignification
 e - a potion of enlightenment {unknown}
 f - 2 potions of heal wounds {unknown}
 g - a potion of degeneration {unknown}
 h - a potion of resistance {unknown}
 i - a potion of attraction {unknown}
 k - a potion of curing {unknown}
 m - a potion of haste {unknown}
 o - a potion of mutation {unknown}
 p - a potion of cancellation {unknown}


   Skills:
 + Level 3.5 Fighting
 - Level 1.7 Dodging
 * Level 5.4 Unarmed Combat
 - Level 3.0 Shapeshifting


You had 4 spell levels left.
You didn't know any spells.
Your spell library was empty.

Dungeon Overview and Level Annotations

Branches:
Dungeon (5/15)
 Temple: D:4-7

Altars:

Annotations:
D:4 Dowan


Innate Abilities, Weirdness & Mutations

You are a hulking beast.
Your limbs bulge with bestial killing power. (Slay +2)
Your plain brown scales are hard. (AC +5)
You cannot fit into any form of body armour.
You are cold-blooded and may be slowed by cold attacks.


Message History

Your attacks no longer feel as feeble.
The gnoll bouda hits you with a +0 club.
Dowan hits you with a +0 dagger.
You punch the gnoll bouda!
Your tail-slap misses the gnoll bouda.
The gnoll bouda is severely wounded.
The gnoll bouda mumbles some strange prayers to its god.
The gnoll bouda is healed somewhat.
Dowan barely misses you.
You barely miss the gnoll bouda.
Your tail-slap misses the gnoll bouda.
The gnoll bouda is heavily wounded.
The gnoll bouda gazes fiercely through you!
You feel your attacks grow feeble.
The gnoll bouda hits you with a +0 club.
You hit the gnoll bouda but do no damage.
The gnoll bouda is heavily wounded.
Dowan closely misses you.
The gnoll bouda hits you with a +0 club.
You hit the gnoll bouda.
The gnoll bouda is heavily wounded.
Dowan hits you with a +0 dagger.
* * * LOW HITPOINT WARNING * * *
The gnoll bouda prays to its god.
The gnoll bouda is healed somewhat.
You hit the gnoll bouda but do no damage.
The gnoll bouda is moderately wounded.
Dowan hits you with a +0 dagger.
* * * LOW HITPOINT WARNING * * *
You punch the gnoll bouda!
The gnoll bouda is severely wounded.
The gnoll bouda hits you with a +0 club.
* * * LOW HITPOINT WARNING * * *
Dowan hits you with a +0 dagger.
* * * LOW HITPOINT WARNING * * *
You hit the gnoll bouda. You punch the gnoll bouda.
The gnoll bouda is almost dead.
The gnoll bouda hits you but does no damage.
Dowan closely misses you.
You hit the gnoll bouda but do no damage.
The gnoll bouda is almost dead.
The gnoll bouda hits you with a +0 club.
You die...

........##.##
............#
#######.##..#
#.##..# #.##..#
#.##..#######
######.##.........
#.......e...######
#.####.##h#.#
#.##g#.# #.##.#.#
..##.#.# .###.#.#
#. #.#.#
###.###.#.#
..........######
###.##(.........


You could see Dowan and a gnoll bouda.

Vanquished Creatures
  A scorpion (D:5)
  5 gnolls
  2 adders
  An ufetubus (D:3)
  4 dart slugs
  An orc (D:3)
  6 endoplasms
  A giant cockroach (D:1)
  7 goblins
  5 hobgoblins
  8 jackals (D:2)
  3 quokkas
  9 ball pythons
  3 bats
  4 frilled lizards
  9 kobolds
  4 rats
73 creatures vanquished.

Notes
Turn   | Place    | Note
-------+----------+-------------------------------------------
     0 | D:1      | MacCMillion the Draconian Shapeshifter began the quest for
                  | the Orb.
     0 | D:1      | Reached XP level 1. HP: 16/16 MP: 1/1
   128 | D:1      | Reached XP level 2. HP: 23/23 MP: 2/2
   676 | D:2      | Reached XP level 3. HP: 22/29 MP: 3/3
   857 | D:2      | Reached skill level 4 in Unarmed Combat
  1733 | D:3      | Reached XP level 4. HP: 37/37 MP: 4/4
  1790 | D:3      | Found a faded altar of an unknown god.
  2053 | D:3      | You fall into a shaft and drop 2 floors!
  2053 | D:5      | Entered Level 5 of the Dungeon
  2093 | D:5      | Reached skill level 5 in Unarmed Combat
  2093 | D:5      | Reached XP level 5. HP: 45/45 MP: 5/5
  2154 | D:5      | Noticed a water moccasin
  2267 | D:4      | Noticed Dowan
  2308 | D:4      | Slain by a gnoll bouda

Illustrated notes

Levels and vault maps discovered:
D:1:      minmay_arrival_shattered_statue, layout_loops_cross, feat_on_display
D:2:      layout_basic, serial_rivers, chequers_serial_rivers_room_b,
          chequers_serial_rivers_small_3, chequers_serial_rivers_large_a,
          chequers_serial_rivers_room_a, chequers_serial_rivers_micro_c
D:3:      layout_basic, nicolae_ecumenical_lake_church, minmay_cupped,
          uniq_grinder
D:4:      layout_loops_ring, cheibrodos_ashenzari_chains, serial_shops,
          nicolae_shop_statue_plus, gammafunk_ghost_necromancy, st_stairs_9,
          uniq_duvessa
D:5:      layout_loops_ring, nemelex_spade_bored_becter,
          sigmund_edmund_badplayer

Skill      XL: |  1  2  3  4 |
---------------+-------------+-----
Fighting       | 2 3 |  3.5
Unarmed Combat | 4 5 |  5.4
Dodging        | |  1.7
Shapeshifting  | |  3.0

Action                     |  1- 3 |  4- 6 || total
---------------------------+-------+-------++-------
  Melee: Unarmed           |   136 |    67 ||   203
         Tailslap          |     8 |     6 ||    14
         Punch             |     2 |     2 ||     4
    Use: Scroll            |       |     2 ||     2
   Stab: Sleeping          |       |     1 ||     1
 Armour: Skin              |    42 |    14 ||    56
  Dodge: Dodged            |    77 |    34 ||   111

Table legend: (Time is in decaauts)
 A = Elapsed time spent in this place.
 B = Non-inter-level travel time spent in this place.
 C = Inter-level travel time spent in this place.
 D = Time resting spent in this place.
 E = Time spent auto-exploring this place.
 F = Levels seen in this place.
 G = Mean time per level.
                   A        B        C        D        E       F      G
               +--------+--------+--------+--------+--------+-----+--------+
         Total |   2310 |   2283 |     27 |    424 |   1289 |   5 |  462.0 |
       Dungeon |   2310 |   2283 |     27 |    424 |   1289 |   5 |  462.0 |
               +--------+--------+--------+--------+--------+-----+--------+

Top non-repeatable levels by time:
     D:2: 1030 daAuts
     D:1: 629 daAuts
     D:3: 397 daAuts
     D:5: 127 daAuts
     D:4: 126 daAuts
